[Event "ICC tourney 2354 (60 10)"]
[Site "Internet Chess Club"]
[Date "2021.01.30"]
[Round "1"]
[White "SAHYmilana"]
[Black "Abbyliao0216"]
[Result "1-0"]
[ICCResult "Black checkmated"]
[WhiteElo "1372"]
[BlackElo "768"]
[Opening "English: Sicilian reversed"]
[ECO "A25"]
[NIC "EO.20"]
[Time "10:11:36"]
[PlyCount "67"]
[TimeControl "3600+10"]

1. c4 e5 2. Nc3 Nc6 3. g3 Bc5 4. Bg2 Nf6 5. e3 O-O 6. Nge2 h6 7. O-O d6 8.
b3 Bg4 9. h3 Bh5 10. Bb2 a6 11. Kh2 b5 12. Bxc6 Rb8 13. cxb5 axb5 14. Bg2
b4 15. Nd5 Nxd5 16. Bxd5 Re8 17. d3 e4 18. Bxe4 d5 19. Bg2 Qd6 20. d4 Bb6
21. Qd2 c5 22. Nf4 Bg6 23. Rac1 cxd4 24. Bxd4 Bxd4 25. Qxd4 Bh7 26. Qxd5
Qf6 27. Rc6 Qe7 28. Rc7 Qf6 29. Rfc1 Rbd8 30. Qb5 Rb8 31. Qxb8 Rxb8 32.
Rc8+ Rxc8 33. Rxc8+ Qd8 34. Rxd8# { Black checkmated } 1-0

[Event "ICC tourney 2354 (60 10)"]
[Site "Internet Chess Club"]
[Date "2021.01.30"]
[Round "1"]
[White "KatyLiao"]
[Black "Boyan0619"]
[Result "0-1"]
[ICCResult "White checkmated"]
[WhiteElo "861"]
[BlackElo "1412"]
[Opening "Sicilian defense"]
[ECO "B30"]
[NIC "SI.31"]
[Time "10:11:39"]
[PlyCount "66"]
[TimeControl "3600+10"]

1. e4 c5 2. Nf3 Nc6 3. Nc3 e6 4. Bc4 d6 5. Bb5 Nf6 6. Bxc6+ bxc6 7. O-O Be7
8. d3 O-O 9. Bg5 h6 10. Bxf6 Bxf6 11. Re1 e5 12. h3 Re8 13. Qd2 d5 14. exd5
cxd5 15. Ne2 d4 16. Qd1 Qd5 17. c4 Qc6 18. b3 Bxh3 19. gxh3 Qxf3 20. Ng3
Qxd1 21. Raxd1 g5 22. Kf1 Kg7 23. Nf5+ Kg6 24. Ng3 Bd8 25. Re4 f5 26. Re2
Bc7 27. Rc2 a5 28. Ne2 f4 29. a4 e4 30. dxe4 Rxe4 31. Re1 Rae8 32. Rd2 f3
33. Ng3 Rxe1# { White checkmated } 0-1

[Event "ICC tourney 2354 (60 10)"]
[Site "Internet Chess Club"]
[Date "2021.01.30"]
[Round "1"]
[White "SamPozen"]
[Black "CoolBoy2020"]
[Result "0-1"]
[ICCResult "White checkmated"]
[WhiteElo "1293"]
[BlackElo "2197"]
[Opening "Sicilian: Kan, 5.Nc3"]
[ECO "B43"]
[NIC "SI.41"]
[Time "10:11:40"]
[PlyCount "56"]
[TimeControl "3600+10"]

1. e4 c5 2. Nf3 e6 3. d4 cxd4 4. Nxd4 a6 5. Nc3 Qc7 6. Be3 Bb4 7. Qd2 Nf6
8. f3 d5 9. Bd3 e5 10. Nb3 d4 11. Nxd4 exd4 12. Bxd4 Nbd7 13. a3 Bc5 14.
Bxc5 Nxc5 15. O-O O-O 16. Rfe1 Re8 17. Nd5 Nxd5 18. exd5 Bd7 19. b4 Nxd3
20. Qxd3 Bb5 21. d6 Qb6+ 22. Kh1 Rxe1+ 23. Rxe1 Bxd3 24. cxd3 Qxd6 25. Rd1
Re8 26. g3 Qd5 27. Kg2 Re2+ 28. Kh3 Qh5# { White checkmated } 0-1

[Event "ICC tourney 2354 (60 10)"]
[Site "Internet Chess Club"]
[Date "2021.01.30"]
[Round "1"]
[White "CH246"]
[Black "predatorx"]
[Result "0-1"]
[ICCResult "White resigns"]
[WhiteElo "1288"]
[BlackElo "1815"]
[Opening "French: advance, Paulsen attack"]
[ECO "C02"]
[NIC "FR.03"]
[Time "10:12:16"]
[PlyCount "46"]
[TimeControl "3600+10"]

1. e4 e6 2. d4 d5 3. e5 c5 4. c3 Nc6 5. Nf3 Qb6 6. Be2 cxd4 7. cxd4 Nge7 8.
O-O Nf5 9. Nc3 Bb4 10. Bb5 O-O 11. Bxc6 Qxc6 12. Bd2 Qb6 13. Na4 Qa5 14. b3
Bxd2 15. Nxd2 Nxd4 16. Nc4 dxc4 17. Qxd4 b5 18. Rfd1 bxa4 19. bxc4 Ba6 20.
Rd2 Rfd8 21. Qe4 Qxd2 22. h3 Qd4 23. Qc6 Qxc4 { White resigns } 0-1

[Event "ICC tourney 2354 (60 10)"]
[Site "Internet Chess Club"]
[Date "2021.01.30"]
[Round "1"]
[White "KevKing"]
[Black "Elisey2011"]
[Result "1-0"]
[ICCResult "Black checkmated"]
[WhiteElo "1345"]
[BlackElo "581"]
[Opening "Queen's pawn, Mason variation"]
[ECO "D00"]
[NIC "QP.08"]
[Time "10:11:45"]
[PlyCount "87"]
[TimeControl "3600+10"]

1. d4 d5 2. Bf4 Nf6 3. e3 Bf5 4. c4 e6 5. Nc3 Be4 6. f3 Bf5 7. Qb3 c6 8.
Qxb7 Nbd7 9. Qxc6 Be7 10. Qc7 O-O 11. Qxd8 Raxd8 12. c5 g6 13. Bb5 h5 14.
c6 Nb6 15. c7 Rc8 16. Ba6 Rce8 17. a4 Bb4 18. Ne2 Bd3 19. Kf2 Kh7 20. a5
Nc4 21. c8=Q Rxc8 22. Bxc8 Rxc8 23. Ra2 Nd2 24. Rd1 Nb3 25. Rxd3 Rc4 26.
Rd1 Nd7 27. Nc1 Nxc1 28. Rxc1 f6 29. Ne2 Bc3 30. Rxc3 g5 31. Rxc4 dxc4 32.
Bd6 g4 33. fxg4 hxg4 34. Nf4 Kg7 35. Nxe6+ Kf7 36. Nc5 Ke8 37. Nxd7 Kxd7
38. Bb8 Kc8 39. Bxa7 Kb7 40. Bc5 f5 41. a6+ Ka8 42. a7 Kb7 43. a8=Q+ Kc7
44. Ra7# { Black checkmated } 1-0

[Event "ICC tourney 2354 (60 10)"]
[Site "Internet Chess Club"]
[Date "2021.01.30"]
[Round "1"]
[White "SAAaron"]
[Black "Fenton2011"]
[Result "1-0"]
[ICCResult "Black checkmated"]
[WhiteElo "1627"]
[BlackElo "1177"]
[Opening "Sicilian: dragon, classical attack"]
[ECO "B72"]
[NIC "SI.15"]
[Time "10:12:13"]
[PlyCount "47"]
[TimeControl "3600+10"]

1. e4 c5 2. Nf3 d6 3. d4 cxd4 4. Nxd4 Nf6 5. Nc3 g6 6. Be2 Bg7 7. Be3 O-O
8. Qd2 d5 9. f3 Nc6 10. O-O-O Nxd4 11. Bxd4 b6 12. h4 Bb7 13. e5 Nd7 14. f4
a5 15. g4 Nc5 16. h5 Ne4 17. Nxe4 dxe4 18. Qe3 Qc7 19. hxg6 fxg6 20. Qh3 h6
21. g5 h5 22. Qe6+ Kh7 23. Bxh5 Qc6 24. Bxg6# { Black checkmated } 1-0

[Event "ICC tourney 2354 (60 10)"]
[Site "Internet Chess Club"]
[Date "2021.01.30"]
[Round "1"]
[White "DarrenReiss"]
[Black "JulianLoshak"]
[Result "0-1"]
[ICCResult "White checkmated"]
[WhiteElo "1537"]
[BlackElo "1101"]
[Opening "Sicilian: Kan, 5.Nc3"]
[ECO "B43"]
[NIC "SI.41"]
[Time "10:12:29"]
[PlyCount "62"]
[TimeControl "3600+10"]

1. e4 c5 2. Nf3 e6 3. d4 cxd4 4. Nxd4 a6 5. Nc3 Qc7 6. Be3 Bb4 7. Qd2 Bxc3
8. bxc3 Nf6 9. Bd3 Nc6 10. O-O b5 11. f4 d6 12. Rad1 Bb7 13. Kh1 Nxd4 14.
Bxd4 O-O 15. Bxf6 gxf6 16. Rf3 f5 17. Rg3+ Kh8 18. exf5 exf5 19. Bxf5 Rae8
20. Qd4+ f6 21. Rh3 Rf7 22. Qd3 Qe7 23. Kg1 Rg8 24. g4 Rfg7 25. Rg3 Ba8 26.
Kf2 Re8 27. Re3 Qa7 28. Qd4 Rxe3 29. Qxe3 Qb7 30. Rg1 Re7 31. Qd4 Qf3# {
White checkmated } 0-1

[Event "ICC tourney 2354 (60 10)"]
[Site "Internet Chess Club"]
[Date "2021.01.30"]
[Round "1"]
[White "JoRDy2025"]
[Black "stawad"]
[Result "1-0"]
[ICCResult "Black checkmated"]
[WhiteElo "1420"]
[BlackElo "876"]
[Opening "Pirc: classical (two knights) system"]
[ECO "B08"]
[NIC "PU.10"]
[Time "10:12:29"]
[PlyCount "57"]
[TimeControl "3600+10"]

1. e4 d6 2. d4 Nf6 3. Nc3 g6 4. Nf3 Bg7 5. Bd3 Bg4 6. h3 Bxf3 7. Qxf3 O-O
8. O-O Nc6 9. Be3 e5 10. dxe5 dxe5 11. Rad1 Nd4 12. Qg3 Nh5 13. Qg4 Nf6 14.
Qg3 Nh5 15. Qg4 f5 16. exf5 Nxf5 17. Bc4+ Kh8 18. Rxd8 Raxd8 19. Rd1 Nf6
20. Qe2 a6 21. Bc5 Rfe8 22. Bf7 Rxd1+ 23. Qxd1 Rc8 24. Nd5 Rd8 25. Qf3 c6
26. Nxf6 Bxf6 27. Bb6 Rd6 28. Qa3 Rd7 29. Qf8# { Black checkmated } 1-0

[Event "ICC tourney 2354 (60 10)"]
[Site "Internet Chess Club"]
[Date "2021.01.30"]
[Round "1"]
[White "adkot"]
[Black "pirate6400"]
[Result "0-1"]
[ICCResult "White checkmated"]
[WhiteElo "1523"]
[BlackElo "1089"]
[Opening "Sicilian"]
[ECO "B50"]
[NIC "SI.01"]
[Time "10:12:13"]
[PlyCount "168"]
[TimeControl "3600+10"]

1. e4 c5 2. Nf3 d6 3. c3 Nf6 4. h3 Nxe4 5. Qa4+ Bd7 6. Qxe4 g6 7. d4 cxd4
8. cxd4 Bg7 9. Bc4 Nc6 10. O-O O-O 11. Qh4 Re8 12. Ng5 h6 13. Nxf7 Qb6 14.
Nxh6+ Kf8 15. Qf4+ Bf6 16. Nf7 Nxd4 17. Be3 Qxb2 18. Bxd4 Qxd4 19. Qxd4
Bxd4 20. Nd2 Bxa1 21. Rxa1 d5 22. Bxd5 e6 23. Bxb7 Rab8 24. Nd6 Red8 25.
N2e4 Bb5 26. Nxb5 Rxb7 27. Ned6 Rb6 28. Rd1 Rxb5 29. Nxb5 Rxd1+ 30. Kh2 Rd2
31. Nxa7 Rxf2 32. Nc6 Rxa2 33. Ne5 Ra5 34. Nxg6+ Kf7 35. Nf4 e5 36. Ne2 e4
37. Kg3 Ra3+ 38. Kf4 e3 39. Kf3 Kf6 40. g4 Kg5 41. Kg3 Ra2 42. h4+ Kg6 43.
Kf3 Ra3 44. Nf4+ Kf6 45. g5+ Kf5 46. Ne2 Kg6 47. Kg4 Ra2 48. h5+ Kg7 49.
Kf3 Ra3 50. Nf4 Rb3 51. h6+ Kh7 52. Ke2 Rc3 53. Kf3 Rc5 54. Kg4 Re5 55. Kh5
e2 56. Nxe2 Rxe2 57. g6+ Kh8 58. g7+ Kh7 59. Kg5 Rg2+ 60. Kh5 Rh2+ 61. Kg5
Kg8 62. Kg6 Rg2+ 63. Kf6 Kh7 64. Kf7 Rf2+ 65. Ke7 Kg8 66. Ke6 Rh2 67. Ke7
Rxh6 68. Ke8 Kxg7 69. Ke7 Rh1 70. Ke8 Re1+ 71. Kd8 Kf7 72. Kd7 Rd1+ 73. Kc7
Ke6 74. Kc8 Ke7 75. Kc7 Rc1+ 76. Kb6 Kd6 77. Kb5 Kd5 78. Kb4 Kd4 79. Kb3
Kd3 80. Kb2 Rc8 81. Kb1 Kd2 82. Kb2 Rb8+ 83. Ka2 Kc3 84. Ka3 Ra8# { White
checkmated } 0-1

[Event "ICC tourney 2354 (60 10)"]
[Site "Internet Chess Club"]
[Date "2021.01.30"]
[Round "1"]
[White "ickyquarter"]
[Black "SeannDSpeyer"]
[Result "1-0"]
[ICCResult "Black resigns"]
[WhiteElo "2077"]
[BlackElo "1299"]
[Opening "French: Schlechter variation"]
[ECO "C01"]
[NIC "FR.01"]
[Time "10:11:48"]
[PlyCount "51"]
[TimeControl "3600+10"]

1. e4 e6 2. d4 d5 3. Bd3 c5 4. exd5 exd5 5. Nf3 Bg4 6. c3 Nc6 7. Be3 Qb6 8.
b3 Nf6 9. Nbd2 Bd6 10. h3 Be6 11. O-O O-O 12. Re1 Rfe8 13. Rc1 Rac8 14. Nf1
Ne7 15. dxc5 Bxc5 16. Nd4 Bd7 17. b4 Bxd4 18. Bxd4 Qc7 19. Bxf6 gxf6 20.
Qh5 Ng6 21. Ne3 Qd6 22. Qxd5 Qxd5 23. Nxd5 Rxe1+ 24. Rxe1 Rc6 25. Bxg6 fxg6
26. Ne7+ { Black resigns } 1-0

[Event "ICC tourney 2354 (60 10)"]
[Site "Internet Chess Club"]
[Date "2021.01.30"]
[Round "1"]
[White "maxipep88"]
[Black "Ken121"]
[Result "1-0"]
[ICCResult "Black resigns"]
[WhiteElo "1553"]
[BlackElo "1145"]
[Opening "QGD: exchange variation"]
[ECO "D35"]
[NIC "QO.16"]
[Time "10:11:55"]
[PlyCount "71"]
[TimeControl "3600+10"]

1. d4 d5 2. c4 e6 3. Nc3 Nf6 4. cxd5 Nxd5 5. e4 Nf6 6. Bg5 Be7 7. Bc4 h6 8.
Be3 Nc6 9. Nge2 e5 10. d5 Nb8 11. f3 Nbd7 12. Qb3 Bc5 13. d6 cxd6 14. Bxf7+
Kf8 15. Bg6 Qe7 16. Nd5 Nxd5 17. Bxc5 Nxc5 18. Qxd5 Be6 19. Qd2 Qf6 20.
Qxd6+ Kg8 21. Qxc5 Qxg6 22. Qxe5 Re8 23. Nf4 Qf7 24. Nxe6 Rxe6 25. Qd5 Kh7
26. Rd1 Rc8 27. O-O Qg6 28. Qxb7 Rc2 29. Rf2 Rec6 30. Qxa7 Rxf2 31. Qxf2
Ra6 32. a3 Rc6 33. Qd2 Qe6 34. Qd5 Qc8 35. Qf5+ Qxf5 36. exf5 { Black
resigns } 1-0

[Event "ICC tourney 2354 (60 10)"]
[Site "Internet Chess Club"]
[Date "2021.01.30"]
[Round "1"]
[White "TommyBrady1"]
[Black "ROYCHOI"]
[Result "0-1"]
[ICCResult "White checkmated"]
[WhiteElo "869"]
[BlackElo "1417"]
[Opening "French: exchange variation"]
[ECO "C01"]
[NIC "FR.01"]
[Time "10:11:44"]
[PlyCount "102"]
[TimeControl "3600+10"]

1. e4 e6 2. d4 d5 3. exd5 exd5 4. Qe2+ Qe7 5. Qxe7+ Bxe7 6. Nf3 Nf6 7. Nc3
O-O 8. Bg5 Nbd7 9. Bd3 h6 10. Bf4 c6 11. O-O Nb6 12. Rfe1 Bb4 13. a3 Bxc3
14. bxc3 Bg4 15. Be2 Rfe8 16. h3 Bh5 17. Ne5 Bxe2 18. Rxe2 Ne4 19. Re3 f6
20. Nf3 Na4 21. Nh2 Nexc3 22. Rae1 Rxe3 23. Rxe3 Kf7 24. Nf1 Re8 25. Nd2
Ne2+ 26. Kf1 Nxf4 27. Rxe8 Kxe8 28. f3 Ke7 29. Kf2 Ne6 30. Ke3 f5 31. g3 g5
32. f4 g4 33. hxg4 fxg4 34. Nf1 h5 35. Nh2 c5 36. f5 Nxd4 37. Kf4 Kf6 38.
Nxg4+ hxg4 39. Kxg4 Nxf5 40. Kf4 Nxg3 41. Kxg3 d4 42. Kf3 Ke5 43. Ke2 Ke4
44. Kd2 c4 45. c3 d3 46. Ke1 Ke3 47. Kd1 d2 48. Kc2 Ke2 49. Kb1 d1=Q+ 50.
Ka2 Qc2+ 51. Ka1 Qb2# { White checkmated } 0-1

[Event "ICC tourney 2354 (60 10)"]
[Site "Internet Chess Club"]
[Date "2021.01.30"]
[Round "1"]
[White "therealkingkong"]
[Black "shakuntala"]
[Result "1-0"]
[ICCResult "Black checkmated"]
[WhiteElo "1570"]
[BlackElo "1160"]
[Opening "Ruy Lopez: exchange variation"]
[ECO "C68"]
[NIC "RL.08"]
[Time "10:11:56"]
[PlyCount "95"]
[TimeControl "3600+10"]

1. e4 e5 2. Nf3 Nc6 3. Bb5 a6 4. Bxc6 dxc6 5. h3 Nf6 6. O-O Bd6 7. Re1 O-O
8. d4 Re8 9. dxe5 Bxe5 10. Qxd8 Rxd8 11. Nxe5 Re8 12. Nf3 Nxe4 13. Nc3 Bf5
14. Nxe4 Bxe4 15. Bf4 Rac8 16. c3 Bxf3 17. gxf3 Kf8 18. Rxe8+ Kxe8 19. Re1+
Kf8 20. Rd1 Ke8 21. Kg2 f6 22. Kg3 g5 23. Be3 f5 24. Bxg5 Kf7 25. Rd8 Rxd8
26. Bxd8 Kg6 27. Bxc7 Kh5 28. Kf4 Kh4 29. Kxf5 Kxh3 30. Kg5 Kg2 31. f4 Kxf2
32. f5 Kf3 33. f6 Ke4 34. f7 Kd3 35. f8=Q Kc2 36. Qb4 Kd3 37. Qxb7 Kc2 38.
Qxc6 Kxb2 39. Qxa6 Kxc3 40. Qh6 Kb2 41. Qxh7 Kxa2 42. Qh3 Kb2 43. Be5+ Kc2
44. Qc3+ Kd1 45. Qb2 Ke1 46. Kf4 Kf1 47. Kf3 Kg1 48. Qa1# { Black
checkmated } 1-0

[Event "ICC tourney 2354 (60 10)"]
[Site "Internet Chess Club"]
[Date "2021.01.30"]
[Round "1"]
[White "Franklyn2009"]
[Black "MajesticSnake"]
[Result "1-0"]
[ICCResult "Black resigns"]
[WhiteElo "1720"]
[BlackElo "1217"]
[Opening "Queen's pawn game, Darooha variation "]
[ECO "E06"]
[NIC "QP.08"]
[Time "10:12:10"]
[PlyCount "47"]
[TimeControl "3600+10"]

1. d4 d5 2. Nf3 Nf6 3. g3 e6 4. Bg2 Be7 5. O-O O-O 6. c4 c5 7. cxd5 Nxd5 8.
dxc5 Bxc5 9. Qc2 Nd7 10. a3 a5 11. Ng5 N7f6 12. Qxc5 b6 13. Qc2 Ba6 14. Nc3
Nxc3 15. bxc3 Rc8 16. Rd1 Qe7 17. a4 h6 18. Ba3 Qc7 19. Bxf8 Kxf8 20. Ne4
Nd5 21. Rac1 Nb4 22. Qb2 Nd5 23. Qa3+ Kg8 24. Nd6 { Black resigns } 1-0

[Event "ICC tourney 2354 (60 10)"]
[Site "Internet Chess Club"]
[Date "2021.01.30"]
[Round "1"]
[White "deviyer"]
[Black "chessamongus"]
[Result "0-1"]
[ICCResult "White checkmated"]
[WhiteElo "1194"]
[BlackElo "1705"]
[Opening "Sicilian: Hungarian variation"]
[ECO "B34"]
[NIC "SI.43"]
[Time "10:12:09"]
[PlyCount "72"]
[TimeControl "3600+10"]

1. e4 c5 2. Nf3 g6 3. Nc3 Bg7 4. d4 cxd4 5. Nxd4 Nc6 6. Nf3 Nf6 7. Bd3 d6
8. O-O O-O 9. Bd2 Bg4 10. h3 Bc8 11. Qc1 Nd7 12. Bh6 Nde5 13. Nxe5 Nxe5 14.
Bxg7 Kxg7 15. Qe3 Be6 16. Qd4 f6 17. f4 Nc6 18. Qe3 Rc8 19. f5 Bf7 20. fxg6
Bxg6 21. Qg3 Qb6+ 22. Kh1 Qxb2 23. Ne2 Qe5 24. Qf3 Nb4 25. Nf4 Nxd3 26.
cxd3 f5 27. Rab1 fxe4 28. dxe4 Bxe4 29. Qg3+ Kh8 30. Rbe1 Rg8 31. Qe3 d5
32. Rd1 Rc3 33. Qe1 Bxg2+ 34. Nxg2 Rxh3+ 35. Kg1 Qh2+ 36. Kf2 Qxg2# { White
checkmated } 0-1

[Event "ICC tourney 2354 (60 10)"]
[Site "Internet Chess Club"]
[Date "2021.01.30"]
[Round "1"]
[White "Morganito"]
[Black "ABGame"]
[Result "1-0"]
[ICCResult "Black resigns"]
[WhiteElo "1805"]
[BlackElo "1285"]
[Opening "King's Indian: Kramer system"]
[ECO "E70"]
[NIC "KI.52"]
[Time "10:12:29"]
[PlyCount "43"]
[TimeControl "3600+10"]

1. d4 Nf6 2. c4 g6 3. Nc3 Bg7 4. e4 d6 5. Nge2 O-O 6. f3 Nfd7 7. Be3 c5 8.
d5 Ne5 9. Ng3 Qa5 10. Qd2 Re8 11. Be2 Nbd7 12. f4 Nxc4 13. Bxc4 a6 14. O-O
b5 15. Bd3 Nb6 16. f5 b4 17. Nd1 c4 18. Bc2 c3 19. bxc3 bxc3 20. Qf2 Nc4
21. fxg6 hxg6 22. Qxf7+ { Black resigns } 1-0

[Event "ICC tourney 2354 (60 10)"]
[Site "Internet Chess Club"]
[Date "2021.01.30"]
[Round "1"]
[White "batmanthechamp"]
[Black "Harshcrocodile"]
[Result "1-0"]
[ICCResult "Black checkmated"]
[WhiteElo "1434"]
[BlackElo "928"]
[Opening "Scotch: Göring gambit"]
[ECO "C44"]
[NIC "SO.06"]
[Time "10:11:44"]
[PlyCount "63"]
[TimeControl "3600+10"]

1. e4 e5 2. Nf3 Nc6 3. d4 exd4 4. c3 dxc3 5. Nxc3 Bc5 6. Bc4 d6 7. Qb3 Qe7
8. Bg5 f6 9. Bxg8 fxg5 10. Bd5 Nd4 11. Nxd4 Bxd4 12. O-O c6 13. Bc4 Rf8 14.
Rad1 Be5 15. a4 g4 16. Ne2 Qh4 17. Ng3 Rf6 18. f4 gxf3 19. Rxf3 Bg4 20.
Rxf6 Bxd1 21. Re6+ Kd8 22. Qxd1 Kc7 23. Qf3 Bf6 24. a5 Qg5 25. Qd1 Rd8 26.
Nf5 Be5 27. Re7+ Kb8 28. Qb3 Qc1+ 29. Bf1 b5 30. axb6 g6 31. bxa7+ Ka8 32.
Qb7# { Black checkmated } 1-0

[Event "ICC tourney 2354 (60 10)"]
[Site "Internet Chess Club"]
[Date "2021.01.30"]
[Round "1"]
[White "AlexaL"]
[Black "Jagaram"]
[Result "0-1"]
[ICCResult "White checkmated"]
[WhiteElo "723"]
[BlackElo "1367"]
[Opening "Queen's pawn: Chigorin variation"]
[ECO "D00"]
[NIC "QP.08"]
[Time "10:12:29"]
[PlyCount "40"]
[TimeControl "3600+10"]

1. d4 d5 2. Nc3 Nf6 3. Bf4 c5 4. e3 Nc6 5. Nb5 Kd7 6. dxc5 e5 7. Bg5 Ke8 8.
Bxf6 gxf6 9. Qh5 a6 10. Nd6+ Bxd6 11. cxd6 Qxd6 12. O-O-O Be6 13. Nf3 Qc7
14. e4 Nb4 15. c3 Nxa2+ 16. Kb1 Nxc3+ 17. bxc3 Qxc3 18. exd5 Qb3+ 19. Ka1
Bxd5 20. Be2 Qa2# { White checkmated } 0-1

[Event "ICC tourney 2354 (60 10)"]
[Site "Internet Chess Club"]
[Date "2021.01.30"]
[Round "1"]
[White "DanielA1926"]
[Black "brarsaab1"]
[Result "1-0"]
[ICCResult "Black resigns"]
[WhiteElo "1771"]
[BlackElo "1250"]
[Opening "Queen's pawn game, Darooha variation "]
[ECO "D02"]
[NIC "QP.08"]
[Time "10:11:36"]
[PlyCount "77"]
[TimeControl "3600+10"]

1. d4 d5 2. Nf3 Nf6 3. c4 e6 4. e3 Bb4+ 5. Bd2 Qd6 6. a3 Bxd2+ 7. Nbxd2 b6
8. cxd5 exd5 9. Bd3 Bg4 10. e4 Bxf3 11. Qxf3 dxe4 12. Nxe4 Qxd4 13. Nxf6+
Qxf6 14. Qxa8 Qe6+ 15. Qe4 Qxe4+ 16. Bxe4 O-O 17. O-O Re8 18. Rfe1 Nd7 19.
Bxh7+ Kf8 20. Rxe8+ Kxe8 21. Re1+ Kf8 22. Bc2 c5 23. Ba4 Nf6 24. g4 g5 25.
h3 a6 26. b4 b5 27. Bc2 c4 28. a4 Nd5 29. axb5 axb5 30. Re5 Nxb4 31. Bb1 f6
32. Rxb5 Nc6 33. Rb6 Ne5 34. Rxf6+ Ke7 35. Rf5 Nf7 36. Ba2 c3 37. Rxf7+ Kd6
38. Rf3 c2 39. Rc3 { Black resigns } 1-0

[Event "ICC tourney 2354 (60 10)"]
[Site "Internet Chess Club"]
[Date "2021.01.30"]
[Round "1"]
[White "liud28"]
[Black "speyermarcus"]
[Result "1-0"]
[ICCResult "Black checkmated"]
[WhiteElo "1060"]
[BlackElo "1511"]
[Opening "Giuoco Piano"]
[ECO "C50"]
[NIC "IG.02"]
[Time "10:11:58"]
[PlyCount "83"]
[TimeControl "3600+10"]

1. e4 e5 2. Nf3 Nc6 3. Bc4 Bc5 4. O-O Nf6 5. d3 O-O 6. Bg5 h6 7. Bh4 d6 8.
h3 Re8 9. Nc3 Be6 10. Nd5 Bxd5 11. Bxd5 Nd4 12. Nxd4 Bxd4 13. c3 Bc5 14.
Bxb7 Rb8 15. Bc6 Rf8 16. b4 Bb6 17. a4 a6 18. a5 Ba7 19. Qf3 g5 20. Bg3 Nd7
21. h4 Nf6 22. hxg5 hxg5 23. Qf5 Nh5 24. Bh4 f6 25. Bd5+ Kg7 26. g4 Nf4 27.
Bg3 Nh3+ 28. Kg2 Rh8 29. Rh1 Nf4+ 30. Bxf4 exf4 31. Rxh8 Qxh8 32. Qd7+ Kg6
33. Bf7+ Kg7 34. Bh5+ Kh6 35. Rh1 Qg7 36. Qf5 Qg8 37. Bf7+ Kg7 38. Qg6+ Kf8
39. Qxg8+ Ke7 40. Qg7 Kd8 41. Rh8+ Kd7 42. Bd5# { Black checkmated } 1-0

[Event "ICC tourney 2354 (60 10)"]
[Site "Internet Chess Club"]
[Date "2021.01.30"]
[Round "1"]
[White "ArisL"]
[Black "cherrychopper"]
[Result "0-1"]
[ICCResult "White checkmated"]
[WhiteElo "787"]
[BlackElo "1380"]
[Opening "Queen's pawn: Chigorin variation"]
[ECO "D00"]
[NIC "QP.08"]
[Time "10:12:12"]
[PlyCount "114"]
[TimeControl "3600+10"]

1. d4 d5 2. Nc3 Bf5 3. Bf4 e6 4. a3 c5 5. Nf3 Nc6 6. e3 Nf6 7. Be2 Qb6 8.
Rb1 Qa5 9. O-O Be7 10. Ne5 cxd4 11. exd4 Bxa3 12. Ra1 Qb6 13. Rxa3 Nxd4 14.
Be3 Nxe2+ 15. Nxe2 Qxb2 16. Ra1 Qxe5 17. Nd4 Ng4 18. g3 Nxe3 19. fxe3 Qxe3+
20. Rf2 O-O 21. Qe2 Qxd4 22. Rb1 Rac8 23. Rc1 Bg4 24. Qd2 Qxd2 25. Rxd2 a5
26. Rb1 Bf5 27. Rb2 Rc7 28. Kf1 Rfc8 29. c3 Rxc3 30. Rxb7 Bh3+ 31. Ke1 Rc1+
32. Ke2 Bf1+ 33. Kf2 Bh3 34. Ra2 R1c2+ 35. Rxc2 Rxc2+ 36. Ke3 h6 37. Ra7
Ra2 38. Ra8+ Kh7 39. Kd4 a4 40. Kc5 a3 41. Kb4 Ra1 42. Kb3 a2 43. Kb2 Rb1+
44. Kc2 a1=Q 45. Rxa1 Rxa1 46. Kc3 Rh1 47. Kb4 Rxh2 48. Kc5 Rg2 49. Kd6
Rxg3 50. Ke7 Kg6 51. Ke8 d4 52. Ke7 d3 53. Kf8 d2 54. Ke7 d1=Q 55. Ke8 e5
56. Ke7 Qd7+ 57. Kf8 Qd8# { White checkmated } 0-1

[Event "ICC tourney 2354 (60 10)"]
[Site "Internet Chess Club"]
[Date "2021.01.30"]
[Round "1"]
[White "CBH142"]
[Black "EkstromVT2"]
[Result "0-1"]
[ICCResult "White resigns"]
[WhiteElo "1413"]
[BlackElo "864"]
[Opening "Réti: King's Indian attack, French variation"]
[ECO "C00"]
[NIC "FR.02"]
[Time "10:11:53"]
[PlyCount "108"]
[TimeControl "3600+10"]

1. e4 e6 2. d3 d5 3. Nd2 Nf6 4. g3 c5 5. Bg2 Nc6 6. Ngf3 Be7 7. O-O O-O 8.
Re1 d4 9. e5 Nd5 10. Ne4 b6 11. Bg5 Bb7 12. Bxe7 Ndxe7 13. Nd6 Rb8 14. Ng5
Nf5 15. Nxb7 Rxb7 16. Bxc6 Rc7 17. Qh5 h6 18. Nxf7 Rfxf7 19. Be4 Ne7 20.
Qh4 Qf8 21. Re2 Nf5 22. Bxf5 Rxf5 23. Rf1 Rcf7 24. Re4 Rxf2 25. Rxf2 Rxf2
26. Rf4 Rxf4 27. Qxf4 Qxf4 28. gxf4 Kf7 29. Kg2 Kg6 30. Kg3 Kf5 31. Kf3 g5
32. fxg5 hxg5 33. h3 Kxe5 34. Kg4 Kf6 35. b3 e5 36. a4 a5 37. Kg3 Kf5 38.
Kf3 Kf6 39. Kg4 Kg6 40. Kg3 Kh5 41. Kg2 Kh4 42. Kh2 g4 43. hxg4 Kxg4 44.
Kg2 Kf4 45. Kf2 e4 46. dxe4 Kxe4 47. Ke2 Kd5 48. Kd3 Kc6 49. Ke4 b5 50.
axb5+ Kxb5 51. Kd5 Kb4 52. Kc6 c4 53. bxc4 Kxc4 54. Kd6 a4 { White resigns
} 0-1

[Event "ICC tourney 2354 (60 10)"]
[Site "Internet Chess Club"]
[Date "2021.01.30"]
[Round "1"]
[White "FabulousRocket"]
[Black "FireballCaden"]
[Result "1-0"]
[ICCResult "Black resigns"]
[WhiteElo "1101"]
[BlackElo "1540"]
[Opening "King's Indian: Sämisch, 6...Nc6"]
[ECO "E83"]
[NIC "KI.36"]
[Time "10:11:47"]
[PlyCount "145"]
[TimeControl "3600+10"]

1. d4 g6 2. c4 Bg7 3. Nc3 Nf6 4. e4 d6 5. f3 Nc6 6. Be3 O-O 7. Qd2 e5 8. d5
Ne7 9. Nge2 Ne8 10. O-O-O f5 11. g4 f4 12. Bf2 h6 13. h4 a6 14. c5 Bd7 15.
Qd3 Rc8 16. cxd6 cxd6 17. Kb1 b5 18. Rc1 b4 19. Nd1 Rxc1+ 20. Nxc1 Bb5 21.
Qb3 Bxf1 22. Rxf1 a5 23. Qa4 Nc8 24. Qb5 g5 25. hxg5 hxg5 26. Nb3 Qc7 27.
Qxa5 Qc4 28. Nd2 Qd3+ 29. Kc1 Nf6 30. Qxb4 Ne7 31. Nc3 Nc8 32. Qc4 Qxc4 33.
Nxc4 Rf7 34. Kd2 Rc7 35. Nb6 Nxb6 36. Bxb6 Rb7 37. Na4 Nd7 38. Bf2 Rb8 39.
Kc2 Rc8+ 40. Nc3 Nb8 41. Rc1 Na6 42. Kb1 Nb4 43. Rd1 Bf8 44. a3 Na6 45. Rc1
Rb8 46. Kc2 Be7 47. b4 Rc8 48. Kb3 Rb8 49. Ne2 Kf7 50. Rc6 Ra8 51. Nc3 Nb8
52. Rc7 Kf6 53. Ra7 Rxa7 54. Bxa7 Na6 55. Nb5 Kf7 56. Ka4 Bd8 57. Nxd6+ Ke7
58. Nb5 Kd7 59. Kb3 Kc8 60. Kc4 Kb7 61. Bf2 Bb6 62. Bxb6 Kxb6 63. Nd6 Kc7
64. Nf7 Kd7 65. Nxe5+ Ke7 66. Nc6+ Kd6 67. Nd4 Nb8 68. Ne6 Ke5 69. Nxg5 Kf6
70. Ne6 Ke5 71. g5 Nd7 72. g6 Nf6 73. b5 { Black resigns } 1-0

[Event "ICC tourney 2354 (60 10)"]
[Site "Internet Chess Club"]
[Date "2021.01.30"]
[Round "1"]
[White "GlibNest"]
[Black "georgebg"]
[Result "0-1"]
[ICCResult "White resigns"]
[WhiteElo "1498"]
[BlackElo "1004"]
[Opening "King's gambit"]
[ECO "C30"]
[NIC "KG.05"]
[Time "10:11:44"]
[PlyCount "80"]
[TimeControl "3600+10"]

1. e4 e5 2. f4 Nc6 3. Nf3 Bc5 4. fxe5 d6 5. d4 Bb6 6. exd6 Qxd6 7. c3 Nge7
8. Bc4 O-O 9. O-O Kh8 10. Ng5 Be6 11. Bxe6 fxe6 12. Nf7+ Rxf7 13. Rxf7 e5
14. Be3 Kg8 15. Qb3 Na5 16. Rf6+ Nxb3 17. Rxd6 Nxa1 18. Re6 Ng6 19. Bf2 Kf7
20. d5 Bxf2+ 21. Kxf2 Nf4 22. Na3 Nxe6 23. dxe6+ Kxe6 24. Ke3 c6 25. c4 Rd8
26. Ke2 Kd6 27. b4 a6 28. c5+ Kc7 29. Nc4 Nc2 30. Nxe5 Nxb4 31. a4 Re8 32.
Nf3 Rxe4+ 33. Kd2 Nd5 34. a5 Ra4 35. Ng5 Rxa5 36. Kd3 Rb5 37. g3 a5 38.
Ne6+ Kd7 39. Nd4 Rxc5 40. Nb3 Rc3+ { White resigns } 0-1